 Dungeon Crawl Stone Soup version 0.30-a0-596-g0af90f9a20 (webtiles) character file.

Game seed: 14240374860563979062

5954 bmack86 the Fighter (level 10, -8/94 HPs)
             Began as a Minotaur Fighter on Jan 7, 2023.
             Was an Elder of Okawaru.
             Mangled by a two-headed ogre
             ... wielding a +0 giant club
              (15 damage)
             ... on level 9 of the Dungeon.
             The game lasted 00:25:31 (9632 turns).

bmack86 the Fighter (Minotaur Fighter)              Turns: 9632, Time: 00:25:31

Health: -8/94      AC: 16    Str: 25    XL:     10   Next: 54%
Magic:  11/11      EV:  8    Int:  8    God:    Okawaru [****..]
Gold:   688        SH:  5    Dex: 10    Spells: 9/9 levels left

rFire   . . .      SeeInvis .    P - +6 war axe
rCold   . . .      Faith    .    c - +0 buckler
rNeg    + . .      Spirit   .    u - +0 chain mail
rPois   .          Reflect  .    E - +1 hat {Int+3}
rElec   .          Harm     .    O - +0 cloak
rCorr   .          Rampage  .    H - +2 pair of gloves
Will    +....                    (no boots) Stlth
                                 m - amulet of magic regeneration
HPRegen 0.35/turn                i - ring of positive energy
MPRegen 0.52/turn                N - ring of willpower

@: no status effects
A: horns 2, retaliatory headbutt
a: Renounce Religion, Heroism, Finesse


You were on level 9 of the Dungeon.
You worshipped Okawaru.
Okawaru was greatly pleased with you.
You visited 2 branches of the dungeon, and saw 10 of its levels.

You collected 688 gold pieces.

Inventory:

Hand Weapons
 a - a +0 war axe
 L - a +0 battleaxe
 P - a +6 war axe (weapon)
Missiles
 y - 3 datura-tipped darts (quivered)
 D - 4 curare-tipped darts
 K - 5 javelins
 R - 15 poisoned darts
Armour
 b - a +0 scale mail
 c - a +0 buckler (worn)
 u - a +0 chain mail (worn)
 E - a +1 hat of intelligence (worn)
 H - a +2 pair of gloves (worn)
 O - a +0 cloak (worn)
 Q - a scarf of invisibility
Jewellery
 i - a ring of positive energy (left hand)
 m - an amulet of magic regeneration (around neck)
 q - a ring of flight
 I - a ring of fire
 N - a ring of willpower (right hand)
Wands
 w - a wand of quicksilver (2)
 A - a wand of flame (82)
 M - a wand of polymorph (9)
Scrolls
 f - 5 scrolls of teleportation
 g - 2 scrolls of noise
 k - a scroll of blinking
 p - a scroll of amnesia {unknown}
 r - 2 scrolls of immolation {unknown}
 s - 2 scrolls of vulnerability {unknown}
 v - a scroll of poison {unknown}
 B - a scroll of fog {unknown}
 F - a scroll of brand weapon {unknown}
 J - a scroll of torment {unknown}
Potions
 d - 3 potions of might
 e - a potion of resistance {unknown}
 h - 4 potions of flight
 j - a potion of mutation
 l - 8 potions of curing
 n - a potion of attraction {unknown}
 o - a potion of haste
 t - a potion of heal wounds
 x - a potion of brilliance
 z - 3 potions of invisibility
 C - a potion of magic
 G - a potion of berserk rage {unknown}


   Skills:
 * Level 10.8 Fighting
 * Level 10.4 Axes
 + Level 4.5 Throwing
 + Level 8.1 Armour
 + Level 8.0 Shields
 + Level 3.8 Invocations


You had 9 spell levels left.
You didn't know any spells.
Your spell library contained the following spells:

 Spells                   Type           Power      Damage    Failure   Level
 Blink                    Tloc           0%         N/A       99%         2
 Momentum Strike          Conj/Tloc      0%         3d8       99%         2
 Ignite Poison            Fire/Tmut/Pois 0%         N/A       100%        3
 Inner Flame              Hex/Fire       0%         N/A       100%        3
 Kindle Blastsparks       Fire/Tloc/Air  0%         2d10      100%        3
 Lesser Beckoning         Tloc           0%         N/A       100%        3
 Cause Fear               Hex            0%         N/A       100%        4
 Freezing Cloud           Conj/Ice/Air   0%         6-21      100%        5
 Conjure Ball Lightning   Conj/Air       0%         3x3d6     100%        6
 Discord                  Hex            0%         N/A       100%        8
 Disjunction              Tloc           0%         N/A       100%        8


Dungeon Overview and Level Annotations

Branches:
Dungeon (9/15)             Temple (1/1) D:7
   Lair: D:8-11         Orc: D:9-12

Altars:
Ashenzari
Cheibriados
Dithmenos
Fedhas
Gozag
Hepliaklqana
Kikubaaqudgha
Makhleb
Nemelex Xobeh
Okawaru
Ru
Sif Muna
Trog
Uskayaw
Wu Jian
Yredelemnul
Zin

Shops:
D:3 (


Innate Abilities, Weirdness & Mutations

You have a pair of horns on your head.
You reflexively headbutt those who attack you in melee.


Message History

The two-headed ogre hits you with a +0 giant club!
The wyvern bites you.
The centaur unwields a +0 shortbow.
The centaur hits you but does no damage.
The centaur kicks you but does no damage.
You barely miss the two-headed ogre. You headbutt the two-headed ogre!
The two-headed ogre is moderately wounded.
You slash the wyvern! You slash the centaur! The wyvern closely misses you.
Something hits you!
The two-headed ogre hits you with a +0 giant club.
You block the two-headed ogre's attack. The centaur closely misses you.
You furiously retaliate!
You headbutt the centaur.
You kill the centaur!
Okawaru accepts your kill. The wyvern bites you.
You slice the two-headed ogre!!
You headbutt the two-headed ogre, but do no damage.
The two-headed ogre is severely wounded.
You hit the wyvern but do no damage. You hit the yak.
Something hits you but does no damage. The wyvern bites you!
You hit the two-headed ogre but do no damage.
You headbutt the two-headed ogre.
The two-headed ogre is severely wounded.
You barely miss the yak. You barely miss something.
You completely miss the wyvern. Something hits you but does no damage.
The wyvern bites you!
* * * LOW HITPOINT WARNING * * *
The yak gores you!
* * * LOW HITPOINT WARNING * * *
The two-headed ogre closely misses you. x2; You block the wyvern's attack.
You slash the two-headed ogre!
The two-headed ogre is almost dead.
You slash the wyvern! You slash the yak! The yak gores you!
* * * LOW HITPOINT WARNING * * *
You block something's attack. The wyvern closely misses you.
You furiously retaliate!
You headbutt the wyvern!
You kill the wyvern!
Okawaru accepts your kill.
The two-headed ogre hits you but does no damage.
The two-headed ogre hits you with a +0 giant club!
You die...

###'#### ###+#...#..
#......# #.....#...#
#......# ####...<..#
#......###..'......# .
#......'...##......##+..
#......######..$..#(..#
#......# #.......#.#
#......# #....†..# #
#......# #...@Oc.#
#......# #####Y#...#
#......# ..##'..
###+#### #.# #.# .# #.
.# ##


You could see a two-headed ogre, a yak and a centaur.

Vanquished Creatures
  Gastronok (D:8)
  2 two-headed ogres
  A manticore (D:8)
  A hornet (D:9)
  Prince Ribbit (D:8)
  A slime creature (D:8)
  A shadow (D:8)
  A wyvern (D:9)
  2 acid dragons
  A water moccasin (D:8)
  A black bear (D:5)
  An ice beast (D:4)
  A sky beast (D:6)
  An ogre (D:3)
  A phantom (D:4)
  2 centaurs
  2 kobold brigands
  2 bullfrogs
  2 necrophages
  A scorpion (D:7)
  5 wights
  6 jellies
  2 gnoll boudas
  Crazy Yiuf (D:3)
  5 hounds
  2 iguanas
  5 orc wizards
  8 adders
  17 gnolls
  4 river rats (D:7)
  A white imp (D:7)
  An ufetubus (D:5)
  3 worms
  4 dart slugs
  21 orcs
  4 bats
  7 endoplasms
  3 giant cockroaches
  30 hobgoblins
  12 jackals
  6 quokkas
  6 ball pythons
  5 frilled lizards
  37 goblins
  18 kobolds
  A rat (D:1)
240 creatures vanquished.

Vanquished Creatures (others)
  A gnoll (D:3)
  35 plants (D:7)
36 creatures vanquished.

Grand Total: 276 creatures vanquished

Notes
Turn   | Place    | Note
-------+----------+-------------------------------------------
     0 | D:1      | bmack86 the Minotaur Fighter began the quest for the Orb.
     0 | D:1      | Reached XP level 1. HP: 19/19 MP: 0/0
   188 | D:1      | Reached XP level 2. HP: 19/27 MP: 1/1
   509 | D:1      | Reached XP level 3. HP: 33/33 MP: 2/2
  1102 | D:2      | Reached XP level 4. HP: 30/41 MP: 3/3
  1353 | D:3      | Found a basalt altar of Yredelemnul.
  1607 | D:3      | Identified the +1 leather armour of Time Monsters {Int+8
                  | Dex-3}
  1644 | D:3      | Reached skill level 5 in Fighting
  1644 | D:3      | Reached XP level 5. HP: 25/48 MP: 4/4
  2097 | D:3      | Found Poozu's Antique Weapon Boutique.
  2152 | D:3      | Found a sparkling altar of Nemelex Xobeh.
  2153 | D:3      | Found an ornate altar of the Wu Jian Council.
  2302 | D:3      | Found a faded altar of an unknown god.
  2426 | D:3      | Found a runed translucent door.
  2427 | D:3      | Noticed Crazy Yiuf
  2723 | D:4      | Noticed an ogre
  2727 | D:3      | Reached XP level 6. HP: 43/56 MP: 5/5
  2789 | D:3      | Reached skill level 5 in Axes
  3015 | D:4      | Reached skill level 5 in Armour
  3019 | D:4      | Reached skill level 5 in Shields
  3281 | D:4      | Reached XP level 7. HP: 32/64 MP: 6/6
  3661 | D:5      | Entered Level 5 of the Dungeon
  4389 | D:7      | Reached XP level 8. HP: 63/73 MP: 7/7
  4435 | D:7      | Reached skill level 1 in Throwing
  5130 | D:7      | Identified the +1 scale mail "Vaaxt" {rN+}
  5214 | D:7      | Found a staircase to the Ecumenical Temple.
  5227 | Temple   | Entered the Ecumenical Temple
  5230 | Temple   | Became a worshipper of Warmaster Okawaru
  6091 | D:3      | Killed Crazy Yiuf
  6323 | D:6      | Reached * piety under Okawaru
  6699 | D:6      | Noticed a two-headed ogre
  6707 | D:6      | Killed a two-headed ogre
  6707 | D:6      | Reached ** piety under Okawaru
  6708 | D:6      | Reached skill level 1 in Invocations
  6708 | D:6      | Reached XP level 9. HP: 44/83 MP: 5/9
  8210 | D:8      | Noticed a manticore
  8220 | D:8      | Killed a manticore
  8306 | D:8      | Found a bloodstained altar of Trog.
  8337 | D:8      | Noticed Prince Ribbit
  8337 | D:8      | Noticed a two-headed ogre
  8341 | D:8      | Killed Prince Ribbit
  8347 | D:8      | Killed a two-headed ogre
  8347 | D:8      | Reached *** piety under Okawaru
  8348 | D:8      | Reached skill level 10 in Fighting
  8348 | D:8      | Reached XP level 10. HP: 77/93 MP: 7/11
  8700 | D:8      | Identified the +0 robe "Mechuaqeol" {+Inv rF+ Dex+5}
  8849 | D:8      | Noticed Gastronok
  8864 | D:8      | Killed Gastronok
  8864 | D:8      | Reached **** piety under Okawaru
  8865 | D:8      | Reached skill level 10 in Axes
  9274 | D:9      | Paralysed by a hornet for 2 turns
  9620 | D:9      | Noticed a two-headed ogre
  9632 | D:9      | Mangled by a two-headed ogre

Illustrated notes

Levels and vault maps discovered:
D:1:      saegor_arrival_under_anarchy, layout_basic
D:2:      minmay_razor_zed, layout_rooms
D:3:      minmay_goblin_kobold_castle, layout_basic, marbit_many_paths,
          nicolae_overflow_squiral, shapermc_ecumenical_altar_notcrosses,
          serial_shops, nicolae_square_shop, uniq_crazy_yiuf_cottage
D:4:      layout_rooms
D:5:      layout_loops_cross
D:6:      layout_basic
D:7:      wad_woods_tower, layout_loops_ring, minmay_temple_entry_mist,
          corexii_checkpoint_a, ebering_dispersal_statue_hall
D:8:      cheibrodos_elevator_heist, layout_basic, mainiacjoe_overflow_alcove_2,
          kennysheep_pointless_box, mrwooster_statue_mirror, uniq_gastronok,
          uniq_prince_ribbit1
D:9:      layout_roguey, minmay_fractal_squares_diagonal_5
Temple:   dpeg_three_leaves_temple

Skill      XL: |  1  2  3  4  5  6  7  8  9 10 |
---------------+-------------------------------+-----
Fighting       | 4 5 6 7 9 10 | 10.8
Axes           | 3 4 5 6 8 9 10 | 10.4
Armour         | 4 5 6 7 8 |  8.1
Shields        | 4 5 6 7 8 |  8.0
Throwing       | 2 3 4 |  4.5
Invocations    | 1 3 |  3.8

Action                   |  1- 3 |  4- 6 |  7- 9 | 10-12 || total
-------------------------+-------+-------+-------+-------++-------
Melee: War axe           |    77 |   155 |   226 |    61 ||   519
       Headbutt          |     9 |    17 |    45 |    18 ||    89
Invok: Heroism           |       |       |     2 |     1 ||     3
  Use: Potion            |       |     1 |       |       ||     1
       Scroll            |       |       |    16 |       ||    16
Armor: Scale mail        |    48 |    95 |       |       ||   143
       Chain mail        |       |       |   137 |    42 ||   179
Dodge: Dodged            |    55 |   113 |    75 |    23 ||   266
Block: Buckler           |    18 |    66 |    49 |    22 ||   155

Table legend: (Time is in decaauts)
 A = Elapsed time spent in this place.
 B = Non-inter-level travel time spent in this place.
 C = Inter-level travel time spent in this place.
 D = Time resting spent in this place.
 E = Time spent auto-exploring this place.
 F = Levels seen in this place.
 G = Mean time per level.
                   A        B        C        D        E       F      G
               +--------+--------+--------+--------+--------+-----+--------+
         Total |   9770 |   8937 |    833 |   1489 |   4682 |  10 |  977.0 |
       Dungeon |   9763 |   8930 |    833 |   1489 |   4682 |   9 | 1084.8 |
        Temple |      6 |      6 |      0 |      0 |      0 |   1 |    6.0 |
               +--------+--------+--------+--------+--------+-----+--------+

Top non-repeatable levels by time:
     D:3: 2183 daAuts
     D:6: 1529 daAuts
     D:7: 1482 daAuts
     D:8: 1262 daAuts
     D:5: 1043 daAuts
     D:1: 872 daAuts
     D:4: 578 daAuts
     D:2: 439 daAuts
     D:9: 372 daAuts
  Temple: 6 daAuts
